 Dungeon Crawl Stone Soup version 0.16-a0-100-g0188e4c (webtiles) character file.

8628 Herrn the Fighter (level 11, -6/60 HPs)
             Began as a Vine Stalker Fighter on Aug 9, 2014.
             Was the Champion of Cheibriados.
             Mangled by an orc warrior
             ... wielding a +0 spear
              (8 damage)
             ... in a bailey.
             The game lasted 00:32:34 (8092 turns).

Herrn the Fighter (Vine Stalker Fighter)            Turns: 8092, Time: 00:32:34

HP  -6/60        AC 15     Str 40      XL: 11   Next: 33%
MP   0/28        EV  8     Int 23      God: Cheibriados [******]
Gold 561         SH 16     Dex 31      Spells:  0 memorised, 25 levels left

rFire  + . .     SeeInvis .     B - +2 broad axe (vamp)
rCold  . . .     Clarity  .     A - +0 plate armour
rNeg   . . .     rCorr    .     c - +1 shield
rPois  .         rRot     +     w - +1 hat
rElec  .         Spirit   +     f - +0 cloak
SustAb .         Warding  .     (no gloves)
rMut   .         Stasis   .     (no boots)
Gourm  .                        m - amulet of faith
MR     +....                    (no ring)
                                (no ring)

@: mighty, very slow, somewhat resistant to hostile enchantments, extremely
unstealthy
A: fangs 3, blurry vision 1, fire resistance 1, regeneration 2, spit poison 1,
magic shield, antimagic bite, no device heal 3, rot immunity
a: Spit Poison, Bend Time, Temporal Distortion, Slouch, Step From Time, Renounce
Religion


You were in a bailey.
You worshipped Cheibriados.
Cheibriados was exalted by your worship.
You were not hungry.

You visited 2 branches of the dungeon, and saw 11 of its levels.
You also visited: Ossuary and Bailey.

You collected 588 gold pieces.
You spent 27 gold pieces at shops.

Inventory:

Hand weapons
 a - a +1 war axe
 e - a +1 flail of crushing
 s - a +3 war axe
 B - a +2 vampiric broad axe (weapon)
 E - a +4 dagger of chaos
Armour
 c - a +1 shield (worn)
 f - a +0 cloak (worn)
 w - a +1 hat (worn)
 A - a +0 plate armour (worn)
Magical devices
 t - a wand of random effects (0)
Comestibles
 d - 6 bread rations
 g - a royal jelly
 l - 4 meat rations
 r - 2 beef jerkies
Scrolls
 i - 5 scrolls of teleportation
 o - a scroll of remove curse
 q - a scroll of blinking
 u - a scroll of enchant armour
 H - 2 scrolls of fear
Jewellery
 k - an uncursed amulet of stasis
 m - an amulet of faith (around neck)
Potions
 b - a potion of restore abilities
 h - a potion of invisibility
 j - a potion of flight
 n - 5 potions of curing
 p - a potion of cancellation
 v - a potion of experience {unknown}
 x - a potion of haste
 z - 2 potions of heal wounds
 D - 2 potions of might
 G - a potion of berserk rage


   Skills:
 * Level 8.0 Fighting
 + Level 6.6 Axes
 + Level 6.1 Armour
 + Level 3.9 Dodging
 + Level 7.5 Shields
 * Level 7.5 Spellcasting
 - Level 0.4 Evocations


You had 25 spell levels left.
You didn't know any spells.

Dungeon Overview and Level Annotations

Branches:
Dungeon (10/15)            Temple (1/1) D:4
    Orc: D:9-12        Lair: D:8-11

Altars:
Ashenzari
Cheibriados
Dithmenos
Elyvilon
Fedhas
Gozag
Kikubaaqudgha
Makhleb
Nemelex Xobeh
Okawaru
Qazlal
Sif Muna
Trog
Vehumet
Xom
Yredelemnul
Zin
The Shining One

Shops:
D:6 }[!*   D:7 [


Innate Abilities, Weirdness & Mutations

You have razor-sharp teeth.
You heal very quickly.
When hurt, damage is shared between your health and your magic reserves.
Your bite disrupts and absorbs the magic of your enemies.
Potions and wands cannot restore your health.
You are immune to rotting.
Your vision is a little blurry.
Your flesh is heat resistant.
You can spit poison.


Message History

* * * LOW HITPOINT WARNING * * *
You block the orc knight's attack.
Unknown command.
You hit the orc warrior.
You feel better.
The orc warrior is moderately wounded.
You slice the orc knight!! Your bite misses the orc knight.
The orc knight is heavily wounded.
The orc warrior barely misses you. You block the orc warrior's attack.
The orc knight hits you but does no damage.
Your plate armour prevents you from hitting the orc warrior.
The orc warrior is moderately wounded.
You barely miss the orc knight. You bite the orc knight! You drain its power.
You feel invigorated.
The orc knight is severely wounded.
You block the orc warrior's attack. You block the orc's attack.
The orc warrior hits you from afar with a halberd!!
* * * LOW HITPOINT WARNING * * *
The orc knight hits you but does no damage.
The orc warrior hits you with a spear!
You die...

...
#.......
#.......#
#.......#
#.......#
.......#
.oo..#
##oo'##
#)@...#
#)))..#
#)))!.#
#.....#
#.....#
##'''##
##.....##
#.......#
#....)..#


You could see an orc knight, 2 orc warriors and an orc (frenzied).

Vanquished Creatures
  Erolcha (D:8)
  An orc knight (Bailey)
  The ghost of uri the Covert, an experienced SpEn of Nemelex Xobeh (D:6)
  Psyche (D:8)
  A troll (D:9)
  The ghost of MrROBUST the Ducker, an average FeBe of Trog (Ossuary)
  A wraith (D:10)
  A hill giant zombie (D:8)
  3 yaks (D:10)
  A steam dragon (D:9)
  A hippogriff (D:7)
  An ogre zombie (D:8)
  11 orc warriors
  5 ogres
  A sky beast (D:6)
  2 ice beasts
  2 black bears
  A necrophage (D:7)
  A phantom (D:8)
  4 centaurs
  2 giant frogs (D:7)
  Duvessa (D:8)
  An elf zombie (Ossuary)
  A wyvern zombie (D:8)
  A jelly (D:5)
  A wyvern skeleton (D:8)
  4 scorpions
  6 killer bees (D:7)
  A troll skeleton (D:9)
  8 wights (D:9)
  A crimson imp (D:9)
  5 hounds
  A quasit (D:9)
  Dowan (D:8)
  A goliath beetle (D:8)
  A human zombie (Ossuary)
  3 centaur zombies
  7 orc priests
  A gnoll shaman (D:5)
  3 orc wizards
  An iguana (D:5)
  8 worker ants
  2 big kobold zombies (Ossuary)
  A killer bee zombie (D:9)
  A sky beast zombie (D:8)
  An ogre skeleton (D:8)
  3 hound zombies (Ossuary)
  3 mummies (Ossuary)
  8 gnolls (D:5)
  4 adders
  2 giant mites (D:2)
  A shadow imp (D:8)
  3 worms
  8 adder zombies
  An adder skeleton (D:5)
  3 giant geckos
  2 oozes
  46 orcs
  6 ball pythons
  A bat zombie (D:5)
  2 giant cockroaches
  21 hobgoblins
  14 kobolds
  4 quokkas
  18 bats
  A giant gecko skeleton (D:7)
  5 giant newts
  2 giant spores
  A gnoll zombie (Ossuary)
  12 goblins
  A goblin zombie (Ossuary)
  5 hobgoblin zombies (Ossuary)
  7 jackals
  4 jackal zombies (Ossuary)
  2 kobold skeletons (D:4)
  3 kobold zombies (Ossuary)
  An orc skeleton (D:6)
  An orc zombie (Ossuary)
  2 quokka zombies (Ossuary)
  12 rats
  6 rat zombies (Ossuary)
  A spectral orc (D:8)
  4 ballistomycetes
325 creatures vanquished.

Vanquished Creatures (others)
  A giant spore (D:6)
1 creature vanquished.

Grand Total: 326 creatures vanquished

Notes
Turn   | Place    | Note
--------------------------------------------------------------
     0 | D:1      | Herrn, the Vine Stalker Fighter, began the quest for the Orb.
     0 | D:1      | Reached XP level 1. HP: 11/11 MP: 1/1
    59 | D:1      | Reached XP level 2. HP: 16/16 MP: 3/3
   416 | D:1      | Reached skill level 1 in Spellcasting
   459 | D:1      | Reached skill level 3 in Fighting
   649 | D:1      | Reached XP level 3. HP: 13/20 MP: 5/5
  1002 | D:2      | Found a snail-covered altar of Cheibriados.
  1120 | D:2      | Reached XP level 4. HP: 24/24 MP: 6/6
  1236 | D:2      | Found a white marble altar of Elyvilon.
  1516 | D:3      | Found an ancient bone altar of Kikubaaqudgha.
  1516 | D:3      | Found a radiant altar of Vehumet.
  1912 | D:2      | Became a worshipper of Cheibriados the Contemplative
  1984 | D:3      | Found a bloodstained altar of Trog.
  2331 | D:3      | Reached skill level 1 in Dodging
  2331 | D:3      | Reached XP level 5. HP: 16/29 MP: 5/9
  2832 | D:4      | Gained mutation: You heal very quickly. [vine stalker growth]
  2832 | D:4      | Reached XP level 6. HP: 33/33 MP: 10/12
  2910 | D:4      | Reached skill level 4 in Fighting
  3039 | D:4      | Found a sand-covered staircase.
  3048 | Ossuary  | Entered an ossuary
  3139 | Ossuary  | Reached XP level 7. HP: 35/38 MP: 14/14
  3160 | Ossuary  | Noticed MrROBUST's ghost (average FeBe)
  3192 | Ossuary  | Killed MrROBUST's ghost
  3333 | Ossuary  | Reached skill level 5 in Fighting
  3429 | D:4      | Gained mutation: You have razor-sharp teeth. [vine stalker growth]
  3429 | D:4      | Reached XP level 8. HP: 38/43 MP: 15/18
  3770 | D:4      | Found a staircase to the Ecumenical Temple.
  3784 | Temple   | Entered the Ecumenical Temple
  4441 | D:5      | Entered Level 5 of the Dungeon
  4469 | D:5      | Acquired Cheibriados' first power
  4995 | D:5      | Acquired Cheibriados' second power
  5046 | D:6      | Found Psirchao's Armour Boutique.
  5053 | D:6      | Found Kipp's Gadget Shoppe.
  5063 | D:6      | Reached skill level 5 in Shields
  5063 | D:6      | Reached XP level 9. HP: 37/48 MP: 21/21
  5211 | D:6      | Noticed uri's ghost (experienced SpEn)
  5220 | D:6      | Killed uri's ghost
  5220 | D:6      | Reached skill level 6 in Fighting
  5295 | D:6      | Found Rousidwuga's Distillery.
  5306 | D:6      | Bought a potion of mutation for 27 gold pieces
  5307 | D:6      | Gained mutation: Your flesh is heat resistant. [potion of mutation]
  5307 | D:6      | Gained mutation: Your vision is a little blurry. [potion of mutation]
  5307 | D:6      | Gained mutation: You can spit poison. [potion of mutation]
  5545 | D:6      | Found a shimmering altar of Xom.
  5554 | D:6      | Found Qamunu's Assorted Antiques.
  5578 | D:6      | Reached skill level 5 in Spellcasting
  5835 | D:7      | Acquired Cheibriados' third power
  6004 | D:7      | Reached skill level 5 in Axes
  6194 | D:7      | Found Fisohe Mirez's Armour Boutique.
  6502 | D:8      | Reached XP level 10. HP: 53/53 MP: 24/24
  6598 | D:8      | Noticed Dowan
  6607 | D:8      | Killed Dowan
  6624 | D:8      | Noticed Duvessa
  6628 | D:8      | Killed Duvessa
  6666 | D:8      | Reached skill level 7 in Fighting
  6721 | D:8      | Found a basalt altar of Yredelemnul.
  6798 | D:8      | Noticed Erolcha
  6815 | D:8      | Killed Erolcha
  6815 | D:8      | Reached skill level 5 in Armour
  7062 | D:8      | Noticed Psyche
  7067 | D:8      | Killed Psyche
  7530 | D:9      | Found a glowing silver altar of Zin.
  7786 | D:9      | Reached XP level 11. HP: 54/59 MP: 27/27
  7840 | D:10     | Entered Level 10 of the Dungeon
  7922 | D:10     | Found a flagged portal.
  7932 | Bailey   | Entered a bailey
  8075 | Bailey   | Noticed an orc knight
  8081 | Bailey   | Noticed an orc knight
  8087 | Bailey   | Killed an orc knight
  8087 | Bailey   | Reached skill level 8 in Fighting
  8092 | Bailey   | HP: 2/60 [orc warrior/halberd (16)]
  8092 | Bailey   | Mangled by an orc warrior

Action                   |  1- 3 |  4- 6 |  7- 9 | 10-12 || total
-------------------------+-------+-------+-------+-------++-------
Melee: War axe           |    91 |   144 |   196 |       ||   431
       Broad axe         |       |       |   118 |   175 ||   293
Evoke: Wand              |       |       |     3 |     3 ||     6
  Use: Scroll            |       |    10 |     2 |    11 ||    23
       Potion            |       |     1 |     5 |     2 ||     8
 Stab: Paralysed         |       |       |       |     1 ||     1
  Eat: Chunk             |     1 |     5 |     3 |     1 ||    10
       Meat ration       |       |       |     1 |       ||     1
       Pizza             |       |       |       |     1 ||     1
       Beef jerky        |       |       |       |     1 ||     1
       Fruit             |       |       |       |     3 ||     3
